Map: Apotheosis LE

Players

Nickos

  • Race: Terran Terran
  • League: Gold

DonaldTrump - Winner!

  • Race: Protoss Protoss
  • League: Gold

VOD

Have the link to the VOD?

Description

Time

  • Played on: Sept. 23, 2016, 1:15 a.m.
  • Length: 12:54
Show
View Real Time Build Order
Export as new Build Order

Nickos Terran 

Build Orders: MMM Bio 

Get SALT Encoding   

  12  0:01  SCV  
  13  0:13  SCV  
  14  0:18  Supply Depot  
  14  0:25  SCV  
  15  0:39  SCV  
  15  0:40  Barracks  
  16  0:51  SCV  
  17  1:03  SCV  
  18  1:18  Command Center  
  18  1:23  SCV  
  19  1:29  Marine  
  20  1:35  SCV  
  21  1:47  Orbital Command  
  21  1:51  Barracks  
  21  1:56  Supply Depot  
  21  2:09  Marine  
  22  2:18  Refinery  
  22  2:21  SCV  
  22  2:22  Barracks  
  23  2:32  Bunker  
  23  2:33  SCV  
  23  2:34  Marine  
  25  2:43  Marine  
  26  2:45  SCV  
  26  2:50  Refinery  
  27  2:52  Marine  
  28  3:00  Orbital Command  
  28  3:01  Marine  
  29  3:06  SCV  
  29  3:09  Supply Depot  
  29  3:10  Barracks Tech Lab  
  30  3:18  SCV  
  30  3:19  Barracks Reactor  
  31  3:28  SCV  
  31  3:31  Barracks Reactor  
  34  3:34  Marauder  
  34  3:44  SCV  
  34  3:45  SCV  
  36  4:02  SCV x2  
  38  4:03  Stimpack  
  38  4:05  Marine x2  
  38  4:07  Marine  
  38  4:08  Marine x2  
  43  4:14  SCV x2  
  43  4:15  Supply Depot  
  45  4:23  Marine  
  45  4:26  SCV  
  45  4:27  SCV  
  44  4:46  SCV x2  
  44  4:50  Marine x3  
  48  4:53  Supply Depot, Factory  
  48  4:58  Barracks, SCV  
  48  4:59  Barracks  
  49  5:00  SCV  
  49  5:01  Engineering Bay, Marine  
  49  5:02  Engineering Bay  
  49  5:05  Marauder  
  53  5:10  SCV  
  53  5:13  SCV  
  55  5:17  Marine x2  
  55  5:18  Marine  
  58  5:22  Supply Depot  
  58  5:25  Refinery  
  58  5:26  Marauder  
  60  5:30  Marine  
  61  5:37  Command Center  
  61  5:42  Marine  
  61  5:43  Marine  
  61  5:47  Starport  
  61  5:48  Marauder  
  61  5:49  Barracks Tech Lab  
  65  5:50  Barracks Tech Lab  
  65  5:52  Factory Reactor  
  65  5:53  Marine x2  
  67  5:57  SCV  
  67  5:58  SCV  
  67  6:00  Marine  
  70  6:04  Combat Shields  
  70  6:09  Marauder  
  70  6:16  Marine x2  
  70  6:17  Marauder, Marine  
  70  6:18  Marauder  
  76  6:24  Supply Depot  
  76  6:25  Terran Infantry Weapons Level 1, Terran Infantry Armor Level 1  
  76  6:30  Marauder  
  78  6:33  Supply Depot  
  78  6:45  Marine x4  
  78  6:46  Marauder x2  
  86  6:48  Medivac  
  86  6:49  SCV  
  86  6:50  Missile Turret, Supply Depot, SCV  
  86  6:52  Marauder  
  82  7:01  SCV  
  82  7:03  Marine  
  82  7:07  Marine x2  
  82  7:08  Marauder, Marine  
  79  7:09  Marauder  
  79  7:13  Marauder  
  79  7:14  Supply Depot  
  83  7:21  Supply Depot, Marine  
  84  7:24  Planetary Fortress  
  84  7:25  Marine  
  84  7:26  Marine  
  88  7:30  Marauder  
  88  7:33  Concussive Shells  
  88  7:40  Refinery  
  88  7:47  Marine x2  
  88  7:48  Marine x2  
  88  7:49  Marauder x2  
  98  7:51  Marauder  
  98  7:56  Viking  
  100  7:59  Supply Depot  
  100  8:05  Marine x2  
  101  8:07  SCV x2  
  101  8:09  Medivac  
  101  8:10  Marauder  
  108  8:17  Barracks, Marine  
  108  8:19  Marine, Marauder x2  
  113  8:22  Barracks  
  113  8:23  Marine x2  
  116  8:27  Supply Depot  
  116  8:30  Viking  
  116  8:31  Marauder  
  120  8:40  Marauder x2  
  124  8:45  Marine  
  124  8:46  Marine x2  
  127  8:50  Medivac  
  127  8:53  Marauder  
  131  9:01  Marauder x2  
  135  9:05  Marine x3  
  135  9:06  Barracks Reactor  
  138  9:10  Marine  
  138  9:12  Starport  
  138  9:14  Marauder  
  141  9:18  Marine  
  141  9:22  Marine  
  141  9:23  Marauder  
  102  10:05  Marine, Marauder x3  
  102  10:06  Marine x4  
  107  10:13  Viking x2  
  111  10:14  Starport Tech Lab  
  111  10:18  Liberator  
  111  10:19  SCV  
  111  10:20  SCV  
  113  10:23  Marine  
  113  10:25  Marine x3  
  113  10:26  Liberator, Barracks Reactor, Marauder x2  
  121  10:31  Marine x2  
  121  10:32  Marine, SCV  
  121  10:34  Fusion Core  
  128  10:42  Medivac  
  128  10:48  Marauder x2  
  135  10:50  Marauder  
  135  10:56  Marine x2  
  135  10:57  Marine x4  
  143  11:09  Marauder x2  
  147  11:12  Marauder  
  147  11:15  Supply Depot  
  147  11:17  Marine x7  
  147  11:18  Marine  
  157  11:30  Marauder x2  
  161  11:34  Marauder  
  161  11:35  Marine x4  
  167  11:42  Marine  
  168  11:52  Marauder x2  
  165  11:55  Marauder  
  142  12:08  Marine x2  
  142  12:09  Marine x4  
  142  12:10  Marine  
  146  12:15  Marine  
  146  12:16  Marine x2  
  146  12:18  Marine  
  146  12:26  Marine x3  
  146  12:27  Marine x4  
  150  12:33  Marine  
Show
View Real Time Build Order
Export as new Build Order

DonaldTrump Protoss - Winner!

Build Orders: Colossus Rush 

Get SALT Encoding   

  12  0:02  Probe (Chrono Boost)  
  13  0:12  Probe (Chrono Boost)  
  14  0:20  Pylon  
  14  0:23  Probe (Chrono Boost)  
  15  0:39  Probe (Chrono Boost)  
  15  0:41  Gateway  
  16  0:46  Assimilator  
  16  0:52  Probe (Chrono Boost)  
  17  1:02  Probe (Chrono Boost)  
  18  1:13  Probe (Chrono Boost)  
  19  1:23  Probe (Chrono Boost)  
  20  1:34  Probe (Chrono Boost)  
  20  1:44  Probe (Chrono Boost)  
  20  1:45  Cybernetics Core  
  21  1:51  Nexus  
  21  1:55  Probe (Chrono Boost)  
  22  2:04  Pylon  
  22  2:08  Assimilator  
  22  2:14  Probe (Chrono Boost)  
  23  2:18  Warp Gate  
  23  2:20  Stalker  
  25  2:43  Nexus  
  25  2:57  Robotics Facility  
  26  3:06  Probe x2 (Chrono Boost)  
  26  3:12  Stalker  
  27  3:19  Probe (Chrono Boost)  
  30  3:26  Probe (Chrono Boost)  
  31  3:32  Mothership Core (Chrono Boost)  
  31  3:34  Gateway  
  33  3:37  Probe (Chrono Boost)  
  34  3:45  Observer  
  35  3:50  Probe (Chrono Boost)  
  36  3:57  Probe (Chrono Boost)  
  36  4:01  Probe (Chrono Boost)  
  38  4:06  Robotics Bay  
  38  4:07  Probe (Chrono Boost)  
  38  4:09  Pylon  
  39  4:23  Pylon  
  35  4:41  Probe (Chrono Boost)  
  34  4:49  Stalker  
  34  4:52  Probe (Chrono Boost)  
  37  4:57  Stalker  
  39  5:02  Gateway, Probe (Chrono Boost)  
  39  5:05  Gateway  
  40  5:10  Pylon  
  40  5:11  Colossus  
  40  5:13  Gateway, Probe (Chrono Boost)  
  41  5:16  Stalker  
  49  5:23  Probe (Chrono Boost)  
  49  5:27  Probe (Chrono Boost)  
  51  5:30  Stalker  
  51  5:34  Probe (Chrono Boost)  
  54  5:38  Probe (Chrono Boost)  
  54  5:41  Assimilator  
  55  5:44  Probe (Chrono Boost), Assimilator  
  55  5:48  Probe (Chrono Boost)  
  57  5:53  Assimilator  
  57  5:55  Probe (Chrono Boost), Assimilator  
  58  5:59  Forge, Probe (Chrono Boost), Stalker  
  58  6:00  Stalker x2  
  65  6:05  Probe (Chrono Boost)  
  65  6:09  Probe (Chrono Boost)  
  65  6:16  Probe (Chrono Boost)  
  66  6:20  Probe (Chrono Boost)  
  67  6:26  Probe (Chrono Boost)  
  67  6:30  Probe (Chrono Boost)  
  69  6:36  Photon Cannon  
  69  6:37  Mothership Core (Chrono Boost)  
  69  6:38  Gateway  
  71  6:40  Stalker x3  
  71  6:41  Gateway, Probe (Chrono Boost), Stalker  
  80  6:51  Probe (Chrono Boost)  
  80  6:53  Extended Thermal Lance  
  81  6:55  Probe (Chrono Boost)  
  82  7:02  Probe (Chrono Boost), Colossus  
  82  7:06  Probe (Chrono Boost)  
  78  7:11  Protoss Ground Weapons Level 1  
  78  7:13  Probe (Chrono Boost)  
  85  7:20  Pylon  
  85  7:32  Nexus  
  85  7:34  Pylon  
  85  7:39  Probe x2 (Chrono Boost)  
  85  7:40  Pylon  
  87  7:45  Stalker x3  
  87  7:48  Colossus  
  93  7:52  Probe x2 (Chrono Boost)  
  101  7:58  Pylon  
  101  8:03  Probe (Chrono Boost)  
  101  8:05  Robotics Facility  
  102  8:06  Pylon  
  102  8:12  Photon Cannon  
  102  8:13  Probe (Chrono Boost)  
  102  8:15  Photon Cannon  
  103  8:20  Gateway  
  103  8:21  Gateway  
  103  8:24  Gateway, Probe (Chrono Boost)  
  104  8:35  Probe (Chrono Boost), Colossus  
  105  8:48  Colossus  
  111  8:50  Protoss Ground Armor Level 1  
  117  8:57  Stalker x5  
  117  9:01  Probe (Chrono Boost)  
  128  9:11  Probe (Chrono Boost)  
  128  9:16  Twilight Council  
  129  9:17  Pylon  
  129  9:21  Photon Cannon  
  129  9:25  Stalker  
  129  9:26  Stalker x3  
  129  9:27  Stalker  
  139  9:32  Pylon  
  139  9:42  Photon Cannon  
  123  9:55  Colossus  
  123  9:56  Colossus  
  123  9:57  Probe (Chrono Boost)  
  115  10:04  Stalker x3  
  115  10:05  Stalker x3  
  139  10:08  Probe (Chrono Boost)  
  139  10:14  Pylon  
  140  10:15  Photon Cannon  
  140  10:17  Photon Cannon  
  140  10:18  Probe (Chrono Boost)  
  140  10:20  Gateway  
  141  10:29  Probe (Chrono Boost), Dark Shrine  
  142  10:39  Probe (Chrono Boost)  
  143  10:45  Colossus  
  143  10:47  Colossus  
  140  11:00  Pylon  
  140  11:07  Assimilator  
  140  11:09  Gateway  
  140  11:11  Gateway  
  140  11:24  Pylon  
  140  11:29  Gateway  
  140  11:32  Colossus, Stalker x4  
  146  11:33  Stalker x3  
  146  11:34  Colossus  
  146  11:36  Pylon  
  166  12:00  Dark Templar x4  
  172  12:09  Nexus, Assimilator  
  172  12:13  Pylon  
  172  12:16  Pylon  
  167  12:29  Stalker x2  
  166  12:30  Stalker  
Tags
 
Composition
MMM Bio
League
GoldGold
Matchup
PvT
Replay Pack
Nickos replay
Add a new tag
Caveats
  • Supply blocks, unpowered buildings, or Contaminate may cause inaccurate times.
  • Supply counts are checked every 10 seconds.